 Dungeon Crawl Stone Soup version 0.21.1-1-g345015f (webtiles) character file.

128 empire the Conjurer (level 4, 0/32 HPs)
             Began as a Mummy Conjurer on May 25, 2018.
             Slain by an iguana (5 damage)
             ... on level 3 of the Dungeon.
             The game lasted 00:09:24 (4187 turns).

empire the Conjurer (Mummy Conjurer)                Turns: 4187, Time: 00:09:25

Health: 0/32       AC:  3    Str: 11    XL:     4   Next: 86%
Magic:  6/9        EV: 12    Int: 15    God:
Gold:   62         SH:  0    Dex: 12    Spells: 2/9 levels left

rFire    x . .     SeeInvis .   b - +0 rapier
rCold    + . .     Gourm    .   (no shield)
rNeg     + + +     Faith    .   c - +0 robe
rPois    ∞         Spirit   .   l - +0 helmet
rElec    .         Reflect  .   (no cloak)
rCorr    .         Harm     .   (no gloves)
MR       .....                  (no boots)
Stlth    ++........             (no amulet)
HPRegen  0.10/turn              (no ring)
MPRegen  0.11/turn              (no ring)

@: no status effects
A: no food or potions, fire vulnerability, cold resistance 1, negative energy
resistance 3, torment resistance, unbreathing
a: no special abilities


You were on level 3 of the Dungeon.
You were not hungry.

You visited 1 branch of the dungeon, and saw 4 of its levels.

You collected 62 gold pieces.

Inventory:

Hand Weapons
 b - a +0 rapier (weapon)
Armour
 c - a +0 robe (worn)
 g - a cursed +0 buckler
 l - a +0 helmet (worn)
Scrolls
 a - a scroll of magic mapping {unknown}
 d - 4 scrolls of fear {unknown}
 e - 2 scrolls of remove curse {unknown}
 f - a scroll of blinking {unknown}
 h - a scroll of enchant armour {unknown}
 i - a scroll of teleportation {unknown}
 k - a scroll of immolation {unknown}
Books
 j - a book of Conjurations

   Spells                             Type                      Level
   a - Magic Dart                     Conjuration                  1
   b - Searing Ray                    Conjuration                  2
   c - Dazzling Spray                 Conjuration/Hexes            3
   d - Fulminant Prism                Conjuration/Hexes            4
   e - Force Lance                    Conjuration/Translocation    4
   f - Iskenderun's Mystic Blast      Conjuration                  4


   Skills:
 - Level 1.0 Fighting
 - Level 2.0 Dodging
 - Level 2.0 Stealth
 + Level 3.4 Spellcasting
 + Level 4.5 Conjurations


You had 2 spell levels left.
You knew the following spells:

 Your Spells              Type           Power        Failure   Level  Hunger
a - Magic Dart            Conj           ###.         3%          1    N/A
b - Iskenderun's Mystic   Conj           ###.....     30%         4    N/A
c - Searing Ray           Conj           ###...       4%          2    N/A

Dungeon Overview and Level Annotations

Branches:
Dungeon (4/15)
 Temple: D:4-7

Altars:
Elyvilon


Innate Abilities, Weirdness & Mutations

You do not eat or drink.
Your flesh is vulnerable to fire.
You are immune to poison.
Your flesh is cold resistant. (rC+)
You are immune to negative energy. (rN+++)
You are immune to unholy pain and torment.
You can survive without breathing.


Message History

The centaur skeleton hits you but does no damage.
The iguana bites you!
* * * LOW HITPOINT WARNING * * *
The adder skeleton bites you but does no damage.
You climb upwards.
There is a stone staircase leading down here.
Okay, then.
Casting: Magic Dart
Confirm with . or Enter, or press ? or * to list all spells.
Aiming: Searing Ray
Press: ? - help, Shift-Dir - straight line, f - iguana
Aim: an iguana The searing ray hits the iguana.
The iguana is moderately wounded. (Press . to maintain the ray.)
The iguana misses you.
The searing ray hits the iguana.
The iguana is moderately wounded.
The iguana bites you.
You die...

#..†......# #.....##
###.........#####.....##
#...).##........+.....##
#.....##....#####.....##
#......#................
###......#.###########.###
#........................#
######[#####.##.....###.###.#.#
#.............@l...............
##.###.#####.....##.#.#.###.#.#
#.# #..............#.#........
#.# ########.....#.#.#########
#.# #........................
#.# ##.####.#...#.#..........
#.# ##+##....................
#.# #.....#.#.#.#.##.........
#.# #.......#......).........


You could see an iguana.

Vanquished Creatures
  Robin (D:2)
  4 adders
  An ooze (D:1)
  2 worms
  5 dart slugs
  An orc (D:3)
  2 bats
  4 giant cockroaches
  11 hobgoblins
  A quokka (D:2)
  2 frilled lizards
  13 goblins
  5 kobolds
  5 rats
57 creatures vanquished.

Notes
Turn   | Place    | Note
-------+----------+-------------------------------------------
     0 | D:1      | empire the Mummy Conjurer began the quest for the Orb.
     0 | D:1      | Reached XP level 1. HP: 13/13 MP: 4/4
   368 | D:1      | Reached XP level 2. HP: 19/19 MP: 0/5
   889 | D:1      | Reached skill level 4 in Conjurations
  1048 | D:1      | Reached XP level 3. HP: 11/24 MP: 0/7
  1681 | D:2      | Noticed Robin
  1682 | D:2      | Reached skill level 1 in Fighting
  2162 | D:3      | Reached XP level 4. HP: 6/32 MP: 4/8
  2476 | D:2      | Found a white marble altar of Elyvilon.
  3283 | D:2      | Killed Robin
  3646 | D:3      | Learned a level 4 spell: Iskenderun's Mystic Blast
  3649 | D:3      | Learned a level 2 spell: Searing Ray
  4187 | D:3      | Slain by an iguana

Skill      XL: |  1  2  3 |
---------------+----------+-----
Conjurations   | 4 |  4.5
Spellcasting   | 3 |  3.4
Fighting       | 1 |  1.0
Dodging        | 2 |  2.0
Stealth        | 2 |  2.0

Action                   |  1- 3 |  4- 6 || total
-------------------------+-------+-------++-------
Melee: Unarmed           |     8 |       ||     8
       Dagger            |    63 |       ||    63
       Rapier            |    14 |    38 ||    52
 Cast: Magic Dart        |    79 |    50 ||   129
       Searing Ray       |       |     1 ||     1
 Stab: Sleeping          |       |     3 ||     3
Armor: Robe              |    13 |     5 ||    18
Dodge: Dodged            |    69 |    23 ||    92
